 Dungeon Crawl Stone Soup version 0.28-a0-1510-gd0f6b136d3 (webtiles) character file.

Game seed: 16156766553734554991

35058 murtidash the Convoker (level 13, -6/63 HPs)
             Began as a Felid Summoner on Jan 15, 2022.
             Was an Initiate of Gozag.
             Shot with an arrow by a centaur warrior (23 damage)
             ... on level 13 of the Dungeon.
             The game lasted 02:26:36 (32890 turns).

murtidash the Convoker (Felid Summoner)            Turns: 32890, Time: 02:26:36

Health: -6/63      AC:  3    Str:  4    XL:     13   Next: 45%
Magic:  23/37      EV: 25    Int: 26    God:    Gozag
Gold:   1640       SH:  0    Dex: 17    Spells: 1/19 levels left
                                        Lives:  0   Deaths: 3

rFire   . . .      SeeInvis +   (weapon unavailable)
rCold   + . .      Faith    .   (shield unavailable)
rNeg    . . .      Spirit   .   (armour unavailable)
rPois   +          Reflect  .   (helmet unavailable)
rElec   .          Harm     .   (cloak unavailable)
rCorr   .          Rampage  .   (gloves unavailable)
Will    +....                   (boots unavailable)
Stlth   ++........              x - amulet of regeneration {+regen, !d}
HPRegen 1.00/turn               D - ring of Ecyoptah {rPois MP+9 Int+5}
MPRegen 0.25/turn               q - ring of magical power {MP+9}

@: forested, quick
A: very small, claws 1, fangs 3, see invisible, speed 1, shaggy fur 3, stealthy
paws, no weapons or thrown items, no armour, multi-lived
a: Renounce Religion, Potion Petition, Call Merchant, Bribe Branch


You were on level 13 of the Dungeon.
You worshipped Gozag.
Gozag was most pleased with you.
You visited 4 branches of the dungeon, and saw 22 of its levels.

You collected 7066 gold pieces.
You spent 2984 gold pieces at shops.
You paid 2442 gold pieces to Gozag.

Inventory:

Jewellery
 d - a +4 ring of evasion
   (You found it on level 1 of the Dungeon)
 n - a +6 ring of dexterity
   (You took it off a kobold brigand on level 11 of the Dungeon)
 o - a ring of resist corrosion
   (You found it on level 5 of the Dungeon)
 p - a +4 ring of evasion
   (You took it off a kobold on level 11 of the Dungeon)
 q - a ring of magical power (right paw) {MP+9}
   (You bought it in a shop on level 6 of the Dungeon)
 u - a ring of poison resistance {rPois, !d}
   (You found it on level 3 of the Lair of Beasts)
 x - an amulet of regeneration (around neck) {+regen, !d}
   (You found it on level 9 of the Dungeon)
 y - a +4 ring of evasion
   (You found it on level 10 of the Dungeon)
 B - a ring of positive energy {rN+}
   (You found it on level 10 of the Dungeon)
 C - an amulet of reflection
   (You found it on level 1 of the Lair of Beasts)
 D - the ring of Ecyoptah (left paw) {rPois MP+9 Int+5}
   (You bought it in a shop on level 3 of the Lair of Beasts)

   [ring of magical power]

   Int:       It affects your intelligence (+5).
   rPois:     It protects you from poison.
   MP:        It affects your magic capacity (+9).
 I - a ring of fire {rF+, rC-}
   (You found it on level 2 of the Lair of Beasts)
 L - a ring of flight {+Fly, !d}
   (You found it on level 6 of the Lair of Beasts)
 O - the amulet "Pavem" {rN++ Regen+ Str-5}
   (You found it on level 6 of the Lair of Beasts)

   [amulet of regeneration]

   Str:       It affects your strength (-5).
   rN:        It greatly protects you from negative energy.
   Regen:     It increases your rate of health regeneration.
 R - a ring of protection from cold {rC+, !d}
   (You took it off a tengu conjurer on level 11 of the Dungeon)
 S - a ring of the Octopus King {Fly AC+1 EV+1 Str+1 Int+1 Dex+1}
   (You took it off a centaur warrior on level 11 of the Dungeon)

   [ring of flight]

   AC:        It affects your AC (+1).
   EV:        It affects your evasion (+1).
   Str:       It affects your strength (+1).
   Int:       It affects your intelligence (+1).
   Dex:       It affects your dexterity (+1).
   Fly:       It grants you flight.
 U - a ring of protection from cold {rC+, !d}
   (You found it on level 11 of the Dungeon)
Wands
 r - a wand of polymorph (14)
   (You found it on level 6 of the Dungeon)
 w - a wand of charming (5)
   (You found it on level 9 of the Dungeon)
 z - a wand of digging (6)
   (You found it on level 10 of the Dungeon)
 E - a wand of acid (16)
   (You found it on level 1 of the Lair of Beasts)
 F - a wand of iceblast (12)
   (You found it on level 1 of the Lair of Beasts)
 G - a wand of flame (34)
   (You found it on level 1 of the Lair of Beasts)
Scrolls
 b - 6 scrolls of amnesia
 e - 3 scrolls of teleportation
 f - 3 scrolls of immolation {!r}
 l - a scroll of silence
 m - 4 scrolls of fog
 v - 6 scrolls of vulnerability {!r!r}
 K - a scroll of summoning
 M - 6 scrolls of identify {@r1}
 N - 2 scrolls of magic mapping {!r}
 V - 3 scrolls of torment {unknown}
 W - a scroll of fear
Potions
 a - 3 potions of magic
 c - 3 potions of flight
 g - a potion of curing
 h - 5 potions of lignification {!q}
 i - 3 potions of haste
 j - 5 potions of might
 k - 4 potions of attraction {!q}
 s - a potion of heal wounds
 t - a potion of invisibility
 A - a potion of cancellation
 H - 4 potions of brilliance
 J - a potion of mutation {!q}
 Q - a potion of ambrosia
Miscellaneous
 P - a box of beasts
   (You found it on level 11 of the Dungeon)
 T - a phantom mirror
   (You found it on level 11 of the Dungeon)


   Skills:
 + Level 10.9 Fighting
 - Level 12.0 Dodging
 - Level 2.6 Stealth
 - Level 3.8 Spellcasting
 - Level 5.0 Hexes
 + Level 15.3 Summonings
 + Level 9.9 Translocations
 - Level 12.8 Transmutations
 - Level 11.7 Air Magic


You had one spell level left.
You knew the following spells:

 Your Spells              Type           Power      Damage    Failure   Level
c - Call Canine Familiar  Summ           71%        N/A       1%          3
g - Summon Forest         Summ/Tloc      31%        N/A       1%          5
M - Call Imp              Summ           71%        N/A       1%          2
U - Summon Small Mammal   Summ           100%       N/A       0%          1
X - Summon Guardian Gole  Hex/Summ       55%        N/A       1%          3
Z - Summon Lightning Spi  Summ/Air       66%        N/A       1%          4

Your spell library contained the following spells:

 Spells                   Type           Power      Damage    Failure   Level
 Beastly Appendage        Tmut           100%       N/A       1%          1
 Sting                    Tmut/Pois      100%       1d8       1%          1
 Magic Dart               Conj           20%        1d4       9%          1
 Pain                     Necr           20%        1d5       9%          1
 Spider Form              Tmut/Pois      38%        N/A       1%          3
 Passage of Golubria      Tloc           54%        N/A       1%          4
 Blade Hands              Tmut           32%        N/A       1%          5
 Tukima's Dance           Hex            31%        N/A       3%          3
 Petrify                  Tmut/Erth      38%        N/A       6%          4
 Yara's Violent Unravell  Hex/Tmut       25%        3d11      6%          5
 Cause Fear               Hex            15%        N/A       11%         4
 Searing Ray              Conj           10%        2d4       13%         2
 Sublimation of Blood     Necr           5%         N/A       13%         2
 Summon Hydra             Summ           35%        N/A       14%         7
 Irradiate                Conj/Tmut      19%        3d20      17%         5
 Stone Arrow              Conj/Erth      10%        3d7       26%         3
 Anguish                  Hex/Necr       9%         N/A       30%         4
 Fulminant Prism          Conj/Hex       9%         3d7       30%         4
 Dragon Form              Tmut           32%        N/A       36%         7
 Malign Gateway           Summ/Tloc      31%        N/A       38%         7
 Storm Form               Tmut/Air       31%        N/A       43%         7
 Eringya's Noxious Bog    Tmut/Pois      19%        N/A       67%         6
 Summon Horrible Things   Summ           35%        N/A       71%         8
 Agony                    Necr           5%         N/A       94%         5
 Spellforged Servitor     Conj/Summ      22%        N/A       97%         7
 Orb of Destruction       Conj           2%         9d5       100%        7
 Lehudib's Crystal Spear  Conj/Erth      2%         10d2      100%        8
 Death's Door             Necr           2%         N/A       100%        9
 Dragon's Call            Summ           35%        N/A       100%        9
 Animate Armour           Summ/Erth      Unusable   N/A       N/A         4
 Excruciating Wounds      Necr           Unusable   N/A       N/A         5

Dungeon Overview and Level Annotations

Branches:
Dungeon (13/15)            Temple (0/1) D:7            Lair (6/6) D:10
 Shoals (0/4) Lair:4        Snake (1/4) Lair:4        Slime (0/5) Lair:5
    Orc (2/2) D:9             Elf (0/3) Orc:2
 Vaults: D:13-14

Altars:
Elyvilon
Gozag
Makhleb
The Shining One

Shops:
D:3 !   D:6 *   D:8 ?   Orc:2 :(*[   Lair:2 *:   Lair:3 =

Annotations:
D:11 4 runed translucent doors
Lair:4 1 exclusion


Innate Abilities, Weirdness & Mutations

You have sharp claws.
You have razor-sharp teeth.
You have supernaturally acute eyesight. (SInv)
You cover ground quickly. (Speed+)
Your thick and shaggy fur keeps you warm. (AC +3, rC+)
Your paws help you pounce on unaware monsters.
You are incapable of wielding weapons or throwing items.
You cannot wear armour.
You gain extra lives every three experience levels.


Message History

A forested plane collides here with a resounding crunch!
Your dryad calls out to the forest.
The forest starts to sway and rumble!
Your warg bites the vampire.
You now have 10/37 mp.
Your warg bites the vampire.
A root lunges up near the vampire.
Your warg bites the vampire but does no damage.
The vampire points at your warg and mumbles some strange words.
Your warg resists with some effort.
A tree reaches out and hits the vampire!
Your warg bites the vampire but does no damage.
The vampire hits your warg! The vampire misses your warg.
Your warg barely misses the vampire.
The trees move their gnarly branches around.
A root lunges up near the vampire.
A gargoyle comes into view. It is wielding a +0 flail.
Your warg closely misses the vampire.
The vampire hits your warg! The vampire bites your warg!
Your warg dies!
Your warg's corpse disappears in a puff of smoke!
A tree reaches out and hits the vampire!
The gargoyle is hit by a branch!
The gargoyle hurls a stone arrow at you.
The stone arrow hits the vampire!
The vampire is destroyed!
Your lightning spire shoots out a bolt of lightning at the gargoyle!
The bolt of electricity hits the gargoyle.
The gargoyle resists.
You now have 9/37 mp.
The gargoyle is distracted by your dazzling golden aura.
Why would you want to do that?
You swap places.
The gargoyle is no longer distracted by gold.
A root smacks the gargoyle from below! x2
The gargoyle is destroyed!
You swap places.
The trees move their gnarly branches around.
The trees move their gnarly branches around.
You start resting.
Your lightning spire disappears in a puff of smoke!
You feel roots moving beneath the ground.
The forest calms down.
Space becomes stable.
Your dryad disappears in a puff of smoke!
Your warg looks up at you expectantly.
A centaur warrior comes into view.
You regained 15 mp, and now have 27/37 mp.
What are your orders? t - Meow!
Orders for allies: a - Attack new target. r - Retreat! s - Stop attacking. g - Guard the area. f - Follow me.
Anything else - Cancel.
Gang up on whom?
Aim: a centaur warrior, wearing a +0 robe and quivering arrows Attack!
The centaur warrior wields a +2 shortbow of flaming.
It bursts into flame!
The centaur warrior shoots an arrow.
The arrow hits your warg!! The arrow burns your warg!
You hear a shout!
A forested plane collides here with a resounding crunch!
Your dryad calls out to the forest.
The forest starts to sway and rumble!
The centaur warrior shoots an arrow.
The arrow hits you! The arrow burns you.
You hear a shout!
You take 15 damage, and have 48/63 hp.
MASSIVE DAMAGE!!
You now have 22/37 mp.
The centaur warrior unwields a +2 shortbow of flaming.
It stops flaming.
The centaur warrior closely misses your warg.
The centaur warrior kicks your warg.
Your warg bites the centaur warrior!
The centaur warrior wields a +2 shortbow of flaming.
It bursts into flame!
The centaur warrior shoots an arrow.
The arrow barely misses your warg. The arrow closely misses you.
Your dryad calls out to the forest.
Vines fly forth from the trees!
Your warg bites the centaur warrior but does no damage.
The centaur warrior shoots an arrow.
The arrow hits your warg!! The arrow burns your warg.
Your warg dies!
Your warg's corpse disappears in a puff of smoke!
Your snaplasher vine closely misses the centaur warrior.
Your snaplasher vine hits the centaur warrior but does no damage.
The centaur warrior shoots an arrow.
The arrow hits you!! The arrow burns you.
* * * LOW HITPOINT WARNING * * *
Your snaplasher vine grabs the centaur warrior.
Your snaplasher vine hits the centaur warrior but does no damage.
Your snaplasher vine constricts the centaur warrior.
A centaur comes into view.
It is wielding the +1 long sword "Irghaigi" {vorpal, rF++ rN++ Int-5}.
You take 34 damage, and have 16/63 hp.
MASSIVE DAMAGE!!
Okay, then.
Unknown command.
The centaur warrior shoots an arrow.
The arrow hits your snaplasher vine!! The arrow burns your snaplasher vine!
Your snaplasher vine is destroyed!
The vine drags the centaur warrior backwards!
Your snaplasher vine hits the centaur warrior!
Your snaplasher vine constricts the centaur warrior.
The centaur warrior shoots an arrow.
The arrow hits you!!
You die...
Your body crumbles into a pile of gold.

♣ #♣♣# # )##
♣...# ♣. ♣.♣
♣.....
#..♣##.#♣# ♣#
♣......
#........♣♣..♣.
...#
♣..$$@.♣./....#
..#♣
......##.R._..##
.$♣♣# ......
♣♣....♣♣ ....#
#♣... ♣..♣♣♣
.○..# #...
##§w..# ♣#○..♣
#.. cc.## .°...
... $.♣♣ .♣...
♣#. . #.


You could see a centaur warrior (ally target), a centaur, a friendly dryad
(summoned) and a friendly snaplasher vine.

Vanquished Creatures
  A blink frog (Lair:5)
  2 bullfrogs
  A howler monkey (D:9)
  A centaur zombie (D:9)
  An orc priest (D:6)
  A white imp (D:7)
  A dart slug (D:1)
  A bat (D:2)
  A giant cockroach (D:1)
  2 goblins (D:1)
  A ball python (D:1)
  2 kobolds (D:13)
  A rat (D:2)
16 creatures vanquished.

Vanquished Creatures (collateral kills)
  Gastronok (Lair:1)
  An orc warlord (Orc:1)
  The ghost of Sidghehi the Acolyte, a journeyman HuFi of the Shining One (Lair:5)
  2 hydras
  3 boulder beetles (D:11)
  2 death knights (D:11)
  3 centaur warriors
  2 tengu warriors
  5 two-headed ogres
  4 death yaks
  2 orc high priests
  A phantasmal warrior (D:11)
  2 orc knights (Orc:1)
  A deep elf pyromancer (D:11)
  3 ugly things
  6 cyclopes
  8 orc sorcerers
  A manticore (D:13)
  A black mamba (Lair:1)
  5 elephants (Lair:5)
  12 cane toads
  2 efreet
  A gargoyle (D:13)
  2 rime drakes
  An unseen horror (D:12)
  4 komodo dragons
  3 kobold demonologists
  2 freezing wraiths (D:11)
  2 yaktaurs
  2 tengu conjurers
  2 trolls
  A meliai (D:11)
  A tyrant leech (Lair:6)
  25 blink frogs
  2 hornets (D:11)
  4 dream sheep (D:12)
  A centaur simulacrum (D:11)
  2 shadows (D:12)
  4 wraiths
  3 wyverns
  A wyvern (shapeshifter) (D:11)
  22 yaks
  Eustachio (D:4)
  3 basilisks
  5 vampire mosquitoes
  3 acid dragons
  6 water moccasins
  5 wargs (Orc:2)
  A hornet zombie (D:6)
  An ice beast (D:5)
  11 orc warriors
  6 sky beasts
  2 black bears
  8 ogres
  A boggart (D:13)
  A necrophage (D:6)
  15 wolves
  A phantom (D:6)
  3 centaurs
  6 kobold brigands
  12 bullfrogs
  A wyvern zombie (D:9)
  A gnoll sergeant (Orc:2)
  A scorpion (D:6)
  2 killer bees
  5 wights
  A howler monkey (D:11)
  5 electric eels
  2 lava snakes (Lair:5)
  A bullfrog zombie (D:5)
  5 centaur zombies
  12 orc priests
  3 centaur skeletons (D:6)
  2 hounds
  A bullfrog skeleton (D:6)
  2 iguanas
  16 orc wizards
  A killer bee zombie (D:7)
  A hound skeleton (D:4)
  2 howler monkey zombies
  10 gnolls
  An adder (D:2)
  A white imp (D:6)
  An ufetubus (D:5)
  An adder zombie (D:5)
  A dart slug (D:2)
  35 orcs
  3 bats
  9 endoplasms
  5 giant cockroaches
  10 goblins
  5 hobgoblins
  7 jackals
  2 quokkas
  6 ball pythons
  A frilled lizard (D:1)
  11 kobolds
  3 rats
  36 bushes (D:11)
456 creatures vanquished.

Vanquished Creatures (others)
  7 hydras
  A centaur warrior (D:11)
  10 death yaks
  An orc knight (Orc:2)
  Pikel (D:9)
  A manticore (D:11)
  2 centaur zombies (D:9)
  Joseph (D:7)
  An elephant (Lair:5)
  A gargoyle (D:10)
  11 cane toads
  A rime drake (Lair:2)
  4 komodo dragons
  2 trolls
  2 tyrant leeches (Lair:6)
  2 polar bears
  3 blink frogs (Lair:3)
  2 wyverns
  A vampire (D:13)
  3 basilisks
  A steam dragon (D:9)
  24 yaks
  Grum (D:8)
  2 nagas (Lair:4)
  4 water moccasins
  A black bear (D:5)
  10 orc warriors
  A necrophage (D:6)
  2 wolves (D:8)
  4 centaurs
  2 lemures (D:9)
  2 bullfrogs
  2 killer bees (D:7)
  2 wights (D:9)
  A gnoll shaman (D:6)
  2 orc priests
  2 orc wizards
  3 gnolls (D:6)
  4 orcs
  25 bushes (D:11)
  43 fungi
  108 plants
  4 snaplasher vines
307 creatures vanquished.

Grand Total: 779 creatures vanquished

Notes
Turn   | Place    | Note
-------+----------+-------------------------------------------
     0 | D:1      | murtidash the Felid Summoner began the quest for the Orb.
     0 | D:1      | Reached XP level 1. HP: 7/7 MP: 4/4
   404 | D:1      | Reached XP level 2. HP: 11/11 MP: 1/6
   407 | D:1      | Learned a level 2 spell: Call Imp
   874 | D:1      | Reached XP level 3. HP: 10/14 MP: 5/8
  1540 | D:1      | Learned a level 3 spell: Call Canine Familiar
  1678 | D:2      | Reached skill level 3 in Spellcasting
  1958 | D:2      | Reached XP level 4. HP: 18/18 MP: 5/9
  2003 | D:2      | Found an opulent altar of Gozag.
  2023 | D:2      | Became a worshipper of Gozag Ym Sagoz the Greedy
  2079 | D:2      | Noticed a black bear
  2097 | D:2      | Killed a black bear
  2098 | D:2      | Reached skill level 5 in Summonings
  2098 | D:2      | Reached XP level 5. HP: 21/21 MP: 1/11
  2891 | D:3      | Found a faded altar of an unknown god.
  2936 | D:3      | Learned a level 3 spell: Summon Guardian Golem
  3005 | D:3      | Got the Tome of Transmigration
  3010 | D:3      | Found Dyti's Distillery.
  3019 | D:3      | Bought a potion of curing for 36 gold pieces
  3019 | D:3      | Bought a potion of curing for 36 gold pieces
  3019 | D:3      | Bought a potion of curing for 36 gold pieces
  3427 | D:4      | Reached skill level 1 in Hexes
  3515 | D:4      | Found a glowing golden altar of the Shining One.
  3578 | D:4      | Reached skill level 2 in Hexes
  4208 | D:4      | Gained mutation: You are covered in thick fur. (AC +2)
                  | [Felid growth]
  4208 | D:4      | Reached XP level 6. HP: 10/24 MP: 4/12
  4457 | D:4      | Noticed Eustachio
  4511 | D:4      | Reached skill level 3 in Hexes
  4518 | D:4      | Reached skill level 6 in Summonings
  4992 | D:4      | Killed Eustachio
  4993 | D:4      | Reached skill level 4 in Hexes
  5227 | D:5      | Entered Level 5 of the Dungeon
  5357 | D:5      | Noticed an ice beast
  5369 | D:5      | Reached skill level 5 in Hexes
  5369 | D:5      | Reached XP level 7. HP: 27/27 MP: 6/13
  5498 | D:5      | Reached skill level 7 in Summonings
  5977 | D:5      | Learned a level 4 spell: Summon Lightning Spire
  6005 | D:5      | Reached skill level 1 in Air Magic
  6160 | D:5      | Found a burning altar of Makhleb.
  6673 | D:6      | Reached skill level 2 in Air Magic
  6739 | D:6      | Reached XP level 8. HP: 29/31 MP: 9/14
  6832 | D:6      | Found Wigub's Assorted Antiques.
  6847 | D:6      | Bought a blackened diamond ring for 160 gold pieces
  6847 | D:6      | Bought a scroll of identify for 64 gold pieces
  6847 | D:6      | Bought a scroll of identify for 64 gold pieces
  6847 | D:6      | Bought 2 orange potions for 57 gold pieces
  6847 | D:6      | Bought a black potion for 28 gold pieces
  6923 | D:6      | Reached skill level 8 in Summonings
  6923 | D:6      | Reached skill level 3 in Air Magic
  7077 | D:6      | Reached skill level 4 in Air Magic
  7449 | D:6      | Reached skill level 5 in Air Magic
  7920 | D:6      | Reached skill level 9 in Summonings
  7920 | D:6      | Reached skill level 6 in Air Magic
  7920 | D:6      | Reached XP level 9. HP: 34/34 MP: 15/15
  8030 | D:6      | Identified the +7 hunting sling of Inconvenience {venom,
                  | rElec}
  8613 | D:7      | Noticed a troll
  8616 | D:7      | Noticed a kobold demonologist
  8617 | D:7      | Noticed Joseph
  9088 | D:7      | Found a staircase to the Ecumenical Temple.
  9108 | D:7      | Killed a kobold demonologist
  9109 | D:7      | Reached skill level 7 in Air Magic
  9214 | D:7      | Killed a troll
  9713 | D:7      | Reached skill level 8 in Air Magic
 10312 | D:7      | Reached skill level 10 in Summonings
 10617 | D:7      | Identified the +4 hand axe of the Wizarding Pill Bug
                  | {drain, Fly rElec rC- SInv}
 11025 | D:7      | Killed Joseph
 11205 | D:8      | Reached XP level 10. HP: 37/37 MP: 16/16
 11220 | D:8      | Found Eclab's Magic Scroll Shoppe.
 11244 | D:8      | Bought a scroll of identify for 22 gold pieces
 11244 | D:8      | Bought a scroll of identify for 22 gold pieces
 11244 | D:8      | Bought a scroll of identify for 22 gold pieces
 11244 | D:8      | Bought a scroll of teleportation for 33 gold pieces
 11244 | D:8      | Bought a scroll of noise for 11 gold pieces
 11382 | D:8      | Reached skill level 1 in Transmutations
 11396 | D:8      | Reached skill level 9 in Air Magic
 11422 | D:8      | Noticed Grum
 11445 | D:8      | Killed Grum
 11446 | D:8      | Reached skill level 2 in Transmutations
 12676 | D:9      | Reached skill level 3 in Transmutations
 12680 | D:9      | Noticed a two-headed ogre
 12684 | D:9      | Killed a two-headed ogre
 12751 | D:9      | Reached skill level 4 in Transmutations
 12879 | D:9      | Found a staircase to the Orcish Mines.
 13255 | D:9      | Noticed Pikel
 13260 | D:9      | Killed Pikel
 13261 | D:9      | Reached skill level 5 in Transmutations
 13347 | D:9      | Reached skill level 10 in Air Magic
 13393 | D:9      | Reached skill level 6 in Transmutations
 13477 | D:9      | Reached skill level 11 in Summonings
 13992 | D:10     | Entered Level 10 of the Dungeon
 13997 | D:10     | Found a white marble altar of Elyvilon.
 14068 | D:10     | Noticed a two-headed ogre
 14091 | D:10     | Killed a two-headed ogre
 14092 | D:10     | Reached XP level 11. HP: 40/40 MP: 17/17
 14187 | D:10     | Reached skill level 7 in Transmutations
 14388 | D:10     | Found a staircase to the Lair.
 14770 | Lair:1   | Entered Level 1 of the Lair of Beasts
 14793 | Lair:1   | Noticed Gastronok
 14807 | Lair:1   | HP: 7/40 [Gastronok/the air (33)]
 14870 | Lair:1   | Noticed a six-headed hydra
 14871 | Lair:1   | Killed Gastronok
 14872 | Lair:1   | Reached skill level 1 in Fighting
 14872 | Lair:1   | Reached skill level 3 in Dodging
 14883 | Lair:1   | Killed from afar by a rime drake
 14884 | Lair:1   | Reached XP level 10. HP: -6/39 MP: 16/25
 15075 | Lair:1   | Killed a six-headed hydra
 15076 | Lair:1   | Reached skill level 2 in Fighting
 15076 | Lair:1   | Reached skill level 4 in Dodging
 15076 | Lair:1   | Reached skill level 8 in Transmutations
 15467 | Lair:1   | Got the Volume of Doomed Clay
 15594 | Lair:1   | Reached skill level 5 in Dodging
 15704 | Lair:1   | Noticed a black mamba
 15714 | Lair:1   | Killed a black mamba
 15715 | Lair:1   | Reached skill level 3 in Fighting
 15715 | Lair:1   | Reached skill level 9 in Transmutations
 15715 | Lair:1   | Reached XP level 11. HP: 40/45 MP: 17/17
 16893 | Lair:2   | Reached skill level 6 in Dodging
 17003 | Lair:2   | Reached skill level 4 in Fighting
 17289 | Lair:2   | Reached skill level 12 in Summonings
 17476 | Lair:2   | Reached skill level 10 in Transmutations
 18483 | D:3      | Bought a potion of magic for 96 gold pieces
 18483 | D:3      | Bought a potion of invisibility for 96 gold pieces
 18483 | D:3      | Bought a potion of haste for 120 gold pieces
 18483 | D:3      | Bought a potion of magic for 96 gold pieces
 18483 | D:3      | Bought a potion of mutation for 96 gold pieces
 18483 | D:3      | Bought a potion of flight for 36 gold pieces
 18651 | Lair:2   | Bought a potion of heal wounds for 70 gold pieces
 18651 | Lair:2   | Bought a scroll of identify for 28 gold pieces
 18749 | Lair:3   | Reached skill level 7 in Dodging
 18877 | Lair:3   | Noticed a six-headed hydra
 18894 | Lair:3   | Killed a six-headed hydra
 19010 | Lair:3   | Noticed a death yak
 19010 | Lair:3   | Noticed a death yak
 19018 | Lair:3   | Noticed a death yak
 19045 | Lair:3   | Killed a death yak
 19046 | Lair:3   | Reached skill level 5 in Fighting
 19063 | Lair:3   | Killed a death yak
 19064 | Lair:3   | Gained mutation: Your thick and shaggy fur keeps you warm.
                  | (AC +3, rC+) [Felid growth]
 19064 | Lair:3   | Reached XP level 12. HP: 51/51 MP: 11/18
 19545 | Lair:3   | Noticed a death yak
 19561 | Lair:3   | Killed a death yak
 19562 | Lair:3   | Reached skill level 8 in Dodging
 19562 | Lair:3   | Reached skill level 11 in Transmutations
 19565 | Lair:3   | Killed a death yak
 19866 | Lair:3   | Noticed a death yak
 19868 | Lair:3   | Noticed a death yak
 19873 | Lair:3   | Noticed a death yak
 19884 | Lair:3   | Noticed a death yak
 19888 | Lair:3   | Noticed a death yak
 19901 | Lair:3   | Killed a death yak
 19902 | Lair:3   | Reached skill level 6 in Fighting
 19928 | Lair:3   | Killed a death yak
 19928 | Lair:3   | Killed a death yak
 19934 | Lair:3   | Killed a death yak
 19935 | Lair:3   | Killed a death yak
 20174 | Lair:3   | Reached skill level 9 in Dodging
 20343 | Lair:3   | murtidash: #
 20491 | Lair:4   | Found a staircase to the Snake Pit.
 20704 | Lair:4   | Found a staircase to the Shoals.
 21893 | Lair:4   | Reached skill level 13 in Summonings
 22092 | Lair:5   | Found a large runed translucent door.
 22096 | Lair:5   | Found a large runed translucent door.
 22113 | Lair:5   | Noticed an eight-headed hydra
 22439 | Lair:4   | Reached XP level 13. HP: 32/57 MP: 19/19
 22619 | Lair:3   | Bought the ring of Ecyoptah {rPois MP+9 Int+5} for 583 gold
                  | pieces
 22803 | Lair:5   | Reached skill level 11 in Air Magic
 22811 | Lair:5   | Reached skill level 7 in Fighting
 22948 | Lair:5   | Noticed Sidghehi's ghost (journeyman HuFi)
 23103 | Lair:5   | Reached skill level 12 in Transmutations
 23120 | Lair:5   | Reached skill level 10 in Dodging
 23843 | Lair:5   | Found a staircase to the Slime Pits.
 24010 | Lair:5   | Killed Sidghehi's ghost
 24100 | Lair:6   | Entered Level 6 of the Lair of Beasts
 25222 | Lair:6   | Reached skill level 8 in Fighting
 25584 | Lair:6   | Reached skill level 11 in Dodging
 25872 | Lair:6   | Reached XP level 14. HP: 63/63 MP: 20/20
 26090 | Lair:6   | Identified the amulet "Pavem" {rN++ Regen+ Str-5}
 26448 | Snake:1  | Entered Level 1 of the Snake Pit
 26588 | Orc:1    | Entered Level 1 of the Orcish Mines
 26866 | Orc:2    | Entered Level 2 of the Orcish Mines
 26866 | Orc:2    | Noticed an orc warlord
 26866 | Orc:2    | Found Seillig's General Store.
 26932 | Orc:1    | Killed an orc warlord
 26933 | Orc:1    | Reached skill level 1 in Translocations
 27098 | Orc:1    | Reached skill level 2 in Translocations
 27142 | Orc:1    | HP: 6/63 [orc sorcerer/bolt of fire (26)]
 27148 | Orc:1    | Reached skill level 14 in Summonings
 27459 | Orc:2    | Found Nesuy's Antique Armour Boutique.
 27837 | Orc:1    | Reached skill level 3 in Translocations
 28143 | Orc:2    | HP: 11/63 [orc high priest (17)]
 28406 | Orc:2    | Reached skill level 12 in Dodging
 28406 | Orc:2    | Reached skill level 4 in Translocations
 28407 | Orc:2    | Reached skill level 9 in Fighting
 28450 | Orc:2    | Found Veme Zilaots's Antique Weapon Shop.
 28877 | Orc:2    | Found a staircase to the Elven Halls.
 29032 | Orc:2    | Found Inwatof's Book Shoppe.
 29269 | Orc:2    | Bought a Grand Grimoire for 374 gold pieces
 29397 | Lair:2   | Bought a Fen Folio for 798 gold pieces
 29403 | Lair:2   | Learned a level 5 spell: Summon Forest
 29468 | D:11     | Reached skill level 5 in Translocations
 29513 | D:11     | Found a large runed translucent door.
 29713 | D:11     | Reached skill level 6 in Translocations
 29850 | D:11     | HP: 6/65 [efreet/fireball (39)]
 29856 | D:11     | Killed from afar by an efreet
 29857 | D:11     | Reached XP level 13. HP: -3/61 MP: 16/37
 29942 | D:11     | Reached skill level 7 in Translocations
 30164 | D:11     | Reached skill level 10 in Fighting
 30314 | D:11     | Identified the +8 short sword of the Hierophant {holy,
                  | rPois rF+ Dex+3}
 30679 | D:11     | Reached skill level 8 in Translocations
 30792 | D:11     | Reached XP level 14. HP: 66/66 MP: 20/20
 30918 | D:11     | Found the ring of the Octopus King {Fly AC+1 EV+1 Str+1
                  | Int+1 Dex+1}
 30943 | D:11     | HP: 13/66 [centaur warrior (19)]
 30949 | D:11     | HP: 10/66 [centaur warrior (16)]
 31090 | D:11     | Reached skill level 15 in Summonings
 31204 | D:11     | Found a large runed translucent door.
 31204 | D:11     | Found a large runed translucent door.
 31214 | D:11     | Found a large runed translucent door.
 31986 | D:12     | Reached skill level 9 in Translocations
 32099 | D:12     | Found the +5 robe of Night {Dark Will+ SInv}
 32684 | D:13     | Killed from afar by an efreet
 32685 | D:13     | Reached XP level 13. HP: -2/62 MP: 21/37
 32754 | D:13     | Found a burning altar of Makhleb.
 32755 | D:13     | HP: 6/63 [efreet/fireball (34)]
 32889 | D:13     | Identified the +1 long sword "Irghaigi" {vorpal, rF++ rN++
                  | Int-5}
 32890 | D:13     | Shot with an arrow by a centaur warrior

Illustrated notes

Levels and vault maps discovered:
D:1:      scummos_arrival_forest, layout_basic
D:2:      layout_loops_ring, basic_altar
D:3:      layout_basic, basic_ecumenical_altar, serial_aquarium,
          aquarium_bridge_straight [aquarium_subvault_bridge,
          aquarium_subvault_balcony, aquarium_subvault_bridge,
          aquarium_subvault_window], aquarium_bridge_island_small
          [aquarium_subvault_small_open, aquarium_subvault_window,
          aquarium_subvault_balcony, aquarium_subvault_wall,
          aquarium_subvault_bridge], aquarium_window_fake, aquarium_window_2,
          aquarium_window_2, aquarium_window_corridor_1, aquarium_view_2d,
          aquarium_pool_split, serial_shops, nicolae_lakefront_shop
D:4:      layout_cave_pools, mainiacjoe_overflow_tiny_flanked, uniq_eustachio
D:5:      layout_basic, mainiacjoe_overflow_alcove_1
D:6:      layout_loops_corners, serial_shops, nicolae_shop_hallway_plus,
          minmay_manual_mullet
D:7:      kennysheep_big_flooded_room, layout_basic, temple_green,
          lightli_minifort, uniq_joseph
D:8:      layout_gridville, serial_shops, nicolae_shop_crystal,
          grunt_decor_one_mirror, uniq_grum
D:9:      minmay_evil_eye, layout_basic, orc_0_dummy, uniq_pikel
D:10:     layout_long_grid, elyvilon_altar_5, lair_entry_dummy, minivault_22
D:11:     minmay_the_grid_square_5x5_4x4 [minmay_the_grid_square_5x5_v,
          minmay_the_grid_square_5x5_empty,
          minmay_the_grid_square_5x5_minivault,
          minmay_the_grid_square_5x5_two_walls_b,
          minmay_the_grid_square_5x5_three_walls,
          minmay_the_grid_square_5x5_prize_junk,
          minmay_the_grid_square_5x5_prize_rear_guard,
          minmay_the_grid_square_5x5_three_small,
          minmay_the_grid_square_5x5_shrine1,
          minmay_the_grid_square_5x5_prize_itemx,
          minmay_the_grid_square_5x5_prize_snowflake,
          minmay_the_grid_square_5x5_two, minmay_the_grid_square_5x5_meh,
          minmay_the_grid_square_5x5_half_checkered,
          minmay_the_grid_square_5x5_corner,
          minmay_the_grid_square_5x5_sharp_hourglass], layout_cross,
          serial_park, serial_park_square2, serial_park_square1
          [serial_park_minivault_5x5_7], serial_park_tiny_1, serial_park_tiny_1,
          minmay_hollow_rounded_squares
D:12:     layout_gridville, hangedman_decor_riveting,
          hellmonk_guarded_unrand_night
D:13:     layout_layer_cave, hangedman_vaults_entry_quadrant_bands,
          bloody_makhleb
Lair:1:   layout_cellular_growth, uniq_gastronok
Lair:2:   layout_cave_pods, grunt_megastairs_2
Lair:3:   layout_roguey, serial_bayou_shore_b
Lair:4:   layout_layer_cave, elwin_shoals_entry_rocks,
          guppyfry_snake_entry_island, serial_bayou, serial_bayou_crossing,
          serial_bayou_lagoon_a, serial_bayou_lake_a, serial_bayou_shore_b,
          st_stairs_3, ldierk_geyser, serial_bayou_shore_a
Lair:5:   layout_cave_pods, dpeg_slime_entry_corner,
          ebering_ghost_disaster_area, minivault_23,
          nicolae_quartered_pool_little, nicolae_lair_liquid_snakes,
          grunt_megastairs_3
Lair:6:   minmay_lair_end_frog_pond, layout_hall_layers,
          infiniplex_staircase_pool, lemuel_fruit_fields, lemuel_fruit_tree
Snake:1:  layout_cave_shapes, serial_shops, shop, serial_bayou_ford_a,
          serial_bayou_shore_b
Orc:1:    layout_caves
Orc:2:    grunt_orc_gardens, layout_diamond_mine, grunt_orc_garden,
          grunt_orc_garden, grunt_orc_garden, grunt_orc_garden

Skill      XL: |  1  2  3  4  5  6  7  8  9 10 11 12 13 14 |
---------------+-------------------------------------------+-----
Spellcasting   | 3 |  3.8
Summonings     | 5 6 7 9 10 11 12 13 15 | 15.3
Hexes          | 2 5 |  5.0
Air Magic      | 2 6 8 10 11 | 11.7
Transmutations | 9 10 11 12 | 12.8
Fighting       | 3 5 6 10 9 | 10.9
Dodging        | 5 7 9 11 12 | 12.0
Translocations | 8 9 |  9.9
Stealth        | |  2.6

Action                   |  1- 3 |  4- 6 |  7- 9 | 10-12 | 13-15 || total
-------------------------+-------+-------+-------+-------+-------++-------
Melee: Unarmed           |    19 |    17 |    19 |    31 |    57 ||   143
       Bite              |       |     2 |     6 |       |     3 ||    11
       Punch             |       |     1 |       |       |     1 ||     2
 Cast: Summon Small Mamm |    34 |     1 |     1 |       |       ||    36
       Call Imp          |    13 |     1 |     1 |       |     1 ||    16
       Call Canine Famil |     5 |    29 |    50 |    27 |    31 ||   142
       Summon Guardian G |       |     4 |    49 |   116 |    93 ||   262
       Summon Lightning  |       |       |    11 |    87 |   189 ||   287
       Summon Forest     |       |       |       |       |    28 ||    28
Invok: Call Merchant     |       |       |       |     2 |     1 ||     3
       Potion Petition   |       |       |       |     1 |       ||     1
Evoke: Wand              |       |       |       |     1 |     2 ||     3
  Use: Scroll            |       |     4 |     5 |    14 |     6 ||    29
       Potion            |       |       |       |     2 |    13 ||    15
 Stab: Distracted        |       |       |     3 |     1 |     2 ||     6
       Betrayed ally     |       |       |       |     1 |     1 ||     2
Armor: Skin              |     1 |    12 |     3 |     5 |    11 ||    32
Dodge: Dodged            |    29 |    97 |    67 |   137 |   288 ||   618

Table legend: (Time is in decaauts)
 A = Elapsed time spent in this place.
 B = Non-inter-level travel time spent in this place.
 C = Inter-level travel time spent in this place.
 D = Time resting spent in this place.
 E = Time spent auto-exploring this place.
 F = Levels seen in this place.
 G = Mean time per level.
                   A        B        C        D        E       F      G
               +--------+--------+--------+--------+--------+-----+--------+
         Total |  29512 |  27722 |   1790 |   2036 |  18127 |  22 | 1341.5 |
       Dungeon |  16757 |  15834 |    923 |    661 |  10988 |  13 | 1289.0 |
          Lair |  10216 |   9474 |    742 |    673 |   6138 |   6 | 1702.7 |
     Snake Pit |      1 |      1 |      0 |      0 |      0 |   1 |    1.0 |
  Orcish Mines |   2537 |   2414 |    123 |    702 |   1000 |   2 | 1268.5 |
               +--------+--------+--------+--------+--------+-----+--------+

Top non-repeatable levels by time:
     D:7: 2678 daAuts
  Lair:5: 2119 daAuts
    D:11: 2071 daAuts
     D:6: 1996 daAuts
  Lair:2: 1783 daAuts
  Lair:4: 1685 daAuts
  Lair:3: 1641 daAuts
  Lair:1: 1576 daAuts
   Orc:1: 1550 daAuts
     D:1: 1456 daAuts
  Lair:6: 1410 daAuts
     D:4: 1362 daAuts
     D:9: 1261 daAuts
     D:5: 1168 daAuts
     D:3: 1062 daAuts

Table legend:
 A = Kills in this place as a percentage of kills in entire the game.
 B = Kills by you in this place as a percentage of kills by you in the entire game.
 C = Kills by friends in this place as a percentage of kills by friends in the entire game.
 D = Other kills in this place as a percentage of other kills in the entire game.
 E = Experience gained in this place as a percentage of experience gained in the entire game.
 F = Experience gained in this place divided by the number of levels of this place that you have seen.
                   A       B       C       D       E      F
               +-------+-------+-------+-------+-------+----------------------
         Total | 100.0 | 100.0 | 100.0 | 100.0 | 100.0 | 5478.3
       Dungeon |  53.3 |  81.2 |  57.9 |  34.4 |  38.5 | 3569.5
          Lair |  35.5 |  18.8 |  28.8 |  60.0 |  50.4 | 10126.8
  Orcish Mines |  11.2 |   0.0 |  13.3 |   5.6 |  11.1 | 6678.5
               +-------+-------+-------+-------+-------+----------------------
